 Dungeon Crawl Stone Soup version 0.30-a0-883-g5ad918d77d (webtiles) character file.

Game seed: 15702695616698173056

21935 Khashishi the Unseen (level 13, 0/73 HPs)
             Began as a Kobold Chaos Knight on Mar 16, 2023.
             Was a Plaything of Xom.
             Slain by a sixfirhy (10 damage)
             ... in a Gauntlet.
             The game lasted 00:59:54 (10678 turns).

Khashishi the Unseen (Kobold Chaos Knight)         Turns: 10678, Time: 00:59:55

Health: 0/73       AC: 15    Str: 15    XL:     13   Next: 23%
Magic:  13/13      EV: 15    Int: 13    God:    Xom [.....*]
Gold:   532        SH:  0    Dex: 21    Spells: 12/12 levels left

rFire   . . .      SeeInvis +    b - +2 rapier "Vuiraall" {flame, *Rage Str+5 SInv}
rCold   . . .      Faith    .    (no shield)
rNeg    + . .      Spirit   .    v - +3 ring mail {Will+}
rPois   .          Reflect  .    k - +1 hat "Cuffiff" {rN+ Dex+2}
rElec   .          Rampage  .    u - +1 cloak
rCorr   .          NoTele   +    z - +1 pair of gloves
Will    ++...      Rage     20%  (no boots)
Stlth   +++++++                  j - amulet of regeneration
HPRegen 1.12/turn                q - +4 ring of slaying
MPRegen 0.13/turn                r - +4 ring of slaying

@: on berserk cooldown, flying (expiring), hasted, very quick
A: small, no large weapons, nightstalker 3, talons 1, iridescent scales 1, frail
1, strong-willed 1, passive freeze, no potion heal 1
a: Renounce Religion


You were in a Gauntlet.
You worshipped Xom.
You were Xom's teddy bear.
You visited 3 branches of the dungeon, and saw 12 of its levels.
You also visited: Ossuary and Gauntlet.

You collected 637 gold pieces.
You spent 105 gold pieces at shops.

Inventory:

Hand Weapons
 a - a +2 short sword of chaos
 b - the +2 rapier "Vuiraall" (weapon) {flame, *Rage Str+5 SInv}
   (You found it on level 8 of the Dungeon)

   Str:       It affects your strength (+5).
   SInv:      It lets you see invisible.
   *Rage:     It berserks you when you make melee attacks (+20% chance).
 H - the +3 sling "Facuxzax" {drain, rC+ Dex+2}
   (You found it on level 8 of the Dungeon)

   Dex:       It affects your dexterity (+2).
   rC:        It protects you from cold.
Missiles
 f - 8 atropa-tipped darts (quivered)
Armour
 h - a +0 buckler
 k - the +1 hat "Cuffiff" (worn) {rN+ Dex+2}
   (You acquired it on level 7 of the Dungeon)

   Dex:       It affects your dexterity (+2).
   rN:        It protects you from negative energy.
 u - a +1 cloak (worn)
 v - a +3 ring mail of willpower (worn)
 z - a +1 pair of gloves (worn)
Jewellery
 e - a ring of positive energy
 j - an amulet of regeneration (around neck)
 q - a +4 ring of slaying (left hand)
 r - a +4 ring of slaying (right hand)
 A - a ring of fire
 P - a ring of see invisible
Wands
 i - a wand of polymorph (8)
 B - a wand of mindburst (20)
 D - a wand of iceblast (5)
 O - a wand of paralysis (2)
Scrolls
 l - a scroll of poison
 p - a scroll of vulnerability
 s - a scroll of magic mapping
 y - a scroll of immolation
 F - 2 scrolls of blinking
 I - 5 scrolls of teleportation
 R - a scroll of fog
Potions
 d - 4 potions of attraction
 g - 6 potions of curing
 n - 7 potions of brilliance
 w - 2 potions of lignification
 x - a potion of mutation
 C - a potion of ambrosia {unknown}
 K - a potion of flight
 M - a potion of might {unknown}
Miscellaneous
 c - a piece from Xom's chessboard (8/15)
 m - a lightning rod (4/4)


   Skills:
 + Level 10.2 Fighting
 + Level 13.6 Short Blades
 + Level 1.7 Armour
 + Level 3.5 Dodging
 + Level 16.1 Stealth
 + Level 13.6 Evocations


You had 12 spell levels left.
You didn't know any spells.
Your spell library contained the following spells:

 Spells                   Type           Power      Damage    Failure   Level
 Kiss of Death            Conj/Necr      0%         2d5       52%         1
 Magic Dart               Conj           0%         1d3       52%         1
 Ensorcelled Hibernation  Hex/Ice        0%         N/A       65%         2
 Confusing Touch          Hex            0%         N/A       87%         3
 Spider Form              Tmut/Pois      0%         N/A       87%         3
 Anguish                  Hex/Necr       0%         N/A       99%         4
 Dispel Undead            Necr           0%         3d6       99%         4


Dungeon Overview and Level Annotations

Branches:
Dungeon (8/15)             Temple (1/1) D:4            Lair (3/5) D:8
 Shoals (0/4) Lair:2       Spider (0/4) Lair:3      Ossuary (visited)
Gauntlet (1/1)

Altars:
Ashenzari
Cheibriados
Elyvilon
Fedhas
Gozag
Hepliaklqana
Kikubaaqudgha
Makhleb
Nemelex Xobeh
Okawaru
Ru
Sif Muna
Trog
Uskayaw
Vehumet
Wu Jian
Xom
Zin

Shops:
D:7 *

Annotations:
Lair:1 1 runed translucent door Gauntlet 7 transporters


Innate Abilities, Weirdness & Mutations

You are small and have problems with some larger weapons.
You are completely attuned to the shadows.
You have sharp toenails.
You are partially covered in iridescent scales. (AC +2)
You are frail. (-10% HP)
You are strong-willed. (Will+)
A frigid envelope surrounds you and freezes all who hurt you.
Potions are less effective at restoring your health.


Message History

The sixfirhy is very cold.
The sixfirhy is lightly wounded.
You hit the sixfirhy. You burn the sixfirhy. Your kick misses the sixfirhy.
The sixfirhy is moderately wounded.
The sixfirhy hits you. The sixfirhy shocks you!
You emit a cloud of colourful smoke!
The sixfirhy is very cold.
The sixfirhy is heavily wounded.
You puncture the sixfirhy! You burn the sixfirhy.
The sixfirhy is severely wounded.
The sixfirhy hits you! The sixfirhy shocks you!
The sixfirhy is very cold.
The sixfirhy is almost dead.
You miss the sixfirhy.
The sixfirhy is almost dead.
You puncture the sixfirhy! You burn the sixfirhy.
You kill the sixfirhy!
The sixfirhy hits you but does no damage.
The sixfirhy is very cold.
The sixfirhy is lightly wounded.
You barely miss the sixfirhy. You claw the sixfirhy.
The sixfirhy is moderately wounded.
The sixfirhy hits you but does no damage.
The sixfirhy is very cold.
The sixfirhy is moderately wounded.
The sixfirhy barely misses you.
You puncture the sixfirhy! You burn the sixfirhy.
The sixfirhy is heavily wounded.
The sixfirhy misses you.
Aiming: Mindburst
Press: ? - help, Shift-Dir - straight line, f - sixfirhy
Aim: a sixfirhy (magical condensation, heavily wounded, chance to affect: 71%)
The sixfirhy struggles to resist.
The sixfirhy hits you! The sixfirhy shocks you!
* * * LOW HITPOINT WARNING * * *
The sixfirhy is very cold.
The sixfirhy is severely wounded.
The sixfirhy hits you!
* * * LOW HITPOINT WARNING * * *
The sixfirhy shocks you!
You die...

#########..#..#.#..#..##
..#©#......#..#©#..#..≈#
..#©#......#########.§##
#########.....#©#....§≈#
.#.##..##.....#©#.....##
#..#.####..#########..≈#
.##.##.©#..#....##§#..##
#. .#.#..##..##§§#..≈#
.# ####..###.#@§§#..##
.. #.##..#.##3##§#..§#
.####.Y##..#...#.###..##
.##Y#.###..#..##.=##.§≈#
^[Y©Y#^##..#.##©?=.#..##
#########..#########..≈#
..........∩...........##
......................≈#
#≈#≈#≈########§#≈#§#≈###


You could see a sixfirhy.

Vanquished Creatures
  An eleionoma (Lair:2)
  2 hydras
  A boulder beetle (Lair:1)
  A centaur warrior (D:8)
  A two-headed ogre (D:8)
  A tengu warrior (Gauntlet)
  5 death yaks
  2 sixfirhies (Gauntlet)
  A manticore (D:8)
  11 elephants
  3 black mambas
  2 cane toads (Lair:1)
  A smoke demon (Gauntlet)
  A gargoyle (D:8)
  A komodo dragon (Lair:2)
  A tengu conjurer (Gauntlet)
  The ghost of Palms the Shooter, an amateur MiHu of Uskayaw (D:4)
  A red devil (Gauntlet)
  Grinder (D:4)
  A troll (D:8)
  A snapping turtle (Lair:2)
  A wyvern (D:8)
  5 yaks
  4 steam dragons
  A wraith (D:8)
  5 basilisks
  A vampire mosquito (D:8)
  A naga (Lair:1)
  An acid dragon (D:8)
  3 water moccasins
  Duvessa (D:4)
  3 ice beasts
  An orc warrior (D:8)
  A sky beast (D:8)
  4 black bears
  2 ogres
  2 centaurs
  A wolf (Lair:1)
  2 elf zombies (Ossuary)
  2 phantoms (D:6)
  A kobold brigand (D:8)
  7 bullfrogs
  5 scorpions
  Dowan (D:4)
  5 killer bees (D:8)
  A howler monkey (D:8)
  3 crimson imps (Gauntlet)
  3 human zombies (Ossuary)
  2 orc priests
  A centaur zombie (Ossuary)
  8 jellies
  4 hounds
  2 sleepcaps (D:5)
  A gnoll bouda (D:8)
  3 iguanas (D:6)
  3 orc wizards
  2 mummies (Ossuary)
  7 gnolls
  11 adders
  4 white imps
  2 adder zombies (Ossuary)
  2 worms
  4 dart slugs
  18 orcs
  7 bats
  4 endoplasms
  2 giant cockroaches
  11 goblins
  6 hobgoblins
  3 jackals (D:3)
  5 ball pythons
  5 frilled lizards
  8 hobgoblin zombies (Ossuary)
  2 jackal zombies (Ossuary)
  A kobold (D:3)
  9 kobold zombies (Ossuary)
  9 orc zombies (Ossuary)
  2 rats
255 creatures vanquished.

Vanquished Creatures (collateral kills)
  An elf zombie (Ossuary)
1 creature vanquished.

Vanquished Creatures (others)
  A centaur (D:8)
  A killer bee (D:8)
  A howler monkey (D:8)
  An orc (D:8)
  17 demonic plants (Gauntlet)
  24 fungi
  17 plants
  8 toadstools (Lair:1)
  2 withered plants (Gauntlet)
72 creatures vanquished.

Grand Total: 328 creatures vanquished

Notes
Turn   | Place    | Note
-------+----------+-------------------------------------------
     0 | D:1      | Khashishi the Kobold Chaos Knight began the quest for the
                  | Orb.
     0 | D:1      | Reached XP level 1. HP: 14/14 MP: 1/1
     3 | D:1      | XOM: divination: detect creatures
    57 | D:1      | XOM: divination: detect items
   238 | D:1      | Reached skill level 1 in Stealth
   296 | D:1      | Reached skill level 1 in Evocations
   327 | D:1      | Reached XP level 2. HP: 19/19 MP: 2/2
   485 | D:1      | Reached skill level 2 in Stealth
   571 | D:1      | XOM: silly message
   685 | D:1      | XOM is BORED!
   820 | D:1      | Reached XP level 3. HP: 23/23 MP: 3/3
   903 | D:2      | XOM: cloud trail
   980 | D:2      | Reached skill level 3 in Stealth
  1026 | D:2      | Found a snail-covered altar of Cheibriados.
  1026 | D:2      | XOM: 2-stop teleportation journey
  1042 | D:2      | XOM: cloud trail
  1125 | D:2      | XOM: noise
  1143 | D:2      | Reached XP level 4. HP: 24/28 MP: 4/4
  1764 | D:3      | Found an ornate altar of the Wu Jian Council.
  1817 | D:3      | XOM: god gift: amethyst potion {god gift}
  1846 | D:3      | Reached skill level 4 in Stealth
  1922 | D:3      | Reached XP level 5. HP: 32/32 MP: 5/5
  2025 | D:3      | Found a sparkling altar of Nemelex Xobeh.
  2310 | D:4      | Found a staircase to the Ecumenical Temple.
  2320 | Temple   | Entered the Ecumenical Temple
  2374 | D:4      | XOM: god gift: +3 ring mail of willpower
  2490 | D:4      | XOM: scenery: create altars
  2491 | D:4      | Found a runed translucent door.
  2491 | D:4      | Noticed a bullfrog
  2674 | D:4      | Noticed Palms's ghost (amateur MiHu)
  2678 | D:4      | XOM: cast spell 'Disjunction'
  2681 | D:4      | Killed a bullfrog
  2682 | D:4      | Reached XP level 6. HP: 37/37 MP: 6/6
  2684 | D:4      | Reached skill level 5 in Stealth
  2771 | D:4      | Found a burning altar of Makhleb.
  2776 | D:4      | Reached skill level 5 in Short Blades
  2799 | D:5      | Entered Level 5 of the Dungeon
  2880 | D:5      | Reached XP level 7. HP: 41/41 MP: 7/7
  2965 | D:5      | Reached skill level 6 in Stealth
  2965 | D:5      | Reached skill level 5 in Evocations
  3039 | D:4      | Found a radiant altar of Vehumet.
  3044 | D:4      | Found a shimmering blue altar of Sif Muna.
  3048 | D:4      | Got Vehumet's Atlas of Combat Magic
  3056 | D:4      | Found an ancient bone altar of Kikubaaqudgha.
  3256 | D:4      | XOM: confusion
  3325 | D:4      | XOM: god gift: 54 gold pieces
  3358 | D:4      | XOM: scenery: summon butterflies
  3404 | D:4      | Noticed Grinder
  3408 | D:4      | XOM: summons friendly quasit
  3411 | D:4      | Killed Grinder
  3412 | D:4      | Reached skill level 7 in Stealth
  3412 | D:4      | Reached XP level 8. HP: 37/46 MP: 8/8
  3571 | D:4      | XOM: divination: detect creatures
  3679 | D:4      | Killed Palms's ghost
  3688 | D:4      | Noticed Duvessa
  3689 | D:4      | Noticed Dowan
  3692 | D:4      | Killed Duvessa
  3693 | D:4      | Reached skill level 8 in Stealth
  3695 | D:4      | XOM: summons 2 friendly demons
  3699 | D:4      | Killed Dowan
  3918 | D:4      | XOM: give mutation
  3918 | D:4      | Gained mutation: You are weak. (Str -2) [Xom's mischief]
  4015 | D:5      | XOM: divination: detect creatures
  4418 | D:5      | Reached XP level 9. HP: 51/51 MP: 9/9
  4542 | D:5      | XOM: 3-stop teleportation journey
  4703 | D:5      | Reached skill level 9 in Stealth
  4788 | D:6      | Found a broken altar of Ashenzari.
  5004 | D:6      | XOM: summons friendly crimson imp
  5032 | D:6      | Reached skill level 10 in Stealth
  5049 | D:6      | XOM: enchant monster (bad)
  5452 | D:7      | XOM: silly message
  5464 | D:7      | Identified a scroll of acquirement
  5464 | D:7      | Acquired the +1 hat "Cuffiff" {rN+ Dex+2}
  5536 | D:7      | Found a sand-covered staircase.
  5541 | Ossuary  | Entered an ossuary
  5803 | Ossuary  | XOM: enchant monster (bad)
  5806 | Ossuary  | XOM: cast spell 'Monstrous Menagerie'
  5811 | Ossuary  | Reached skill level 10 in Short Blades
  5814 | Ossuary  | Reached XP level 10. HP: 47/56 MP: 10/10
  5865 | D:7      | Identified the +0 robe of the Lobster {Harm rElec}
  5942 | D:7      | Reached skill level 11 in Stealth
  6343 | D:7      | Found Olliumul's General Store.
  6349 | D:7      | Bought a scroll of enchant armour for 105 gold pieces
  6370 | D:7      | XOM: god gift: book of Dreams
  6425 | D:7      | Found a hide-covered altar of Uskayaw.
  6428 | D:7      | XOM: god gift: sedimented emerald potion {god gift}
  6513 | D:7      | XOM: smoke on damage
  6562 | D:8      | Noticed a gargoyle
  6562 | D:8      | Noticed a manticore
  6566 | D:8      | Reached skill level 10 in Evocations
  6567 | D:8      | Identified the +2 rapier "Vuiraall" {flame, *Rage Str+5
                  | SInv}
  6568 | D:8      | Killed a manticore
  6569 | D:8      | Reached skill level 5 in Fighting
  6569 | D:8      | Reached skill level 12 in Stealth
  6575 | D:8      | XOM: cast spell 'Disjunction'
  6577 | D:8      | XOM: confuse monster(s)
  6578 | D:8      | Killed a gargoyle
  6582 | D:8      | Noticed a seven-headed hydra
  6585 | D:8      | XOM: swap monsters
  6587 | D:8      | Killed a seven-headed hydra
  6591 | D:8      | Identified the +6 scimitar of Defiance {spect, Str+3}
  6605 | D:8      | Noticed a centaur warrior
  6615 | D:8      | Reached XP level 11. HP: 50/65 MP: 11/11
  6617 | D:8      | Killed a centaur warrior
  6618 | D:8      | Reached skill level 13 in Stealth
  6643 | D:8      | Identified the +3 sling "Facuxzax" {drain, rC+ Dex+2}
  6696 | D:8      | XOM: cast spell 'Disjunction'
  6707 | D:8      | Noticed a two-headed ogre
  6711 | D:8      | Found a bloodstained altar of Trog.
  6823 | D:8      | Noticed a two-headed ogre
  6828 | D:8      | Killed a two-headed ogre
  7319 | D:8      | Found a hazy altar of Hepliaklqana.
  7407 | D:8      | XOM: 6-stop teleportation journey
  7564 | D:8      | Found a staircase to the Lair.
  7621 | D:8      | XOM: summons 6 hostile demons
  7903 | Lair:1   | Entered Level 1 of the Lair of Beasts
  7922 | Lair:1   | XOM: god gift: 54 gold pieces
  8002 | Lair:1   | XOM: scenery: create altars
  8106 | Lair:1   | Noticed a death yak
  8106 | Lair:1   | XOM: 6-stop teleportation journey
  8206 | Lair:1   | XOM: give mutations
  8206 | Lair:1   | Gained mutation: You expend magic power (3 MP) to
                  | strengthen your wands. [Xom's grace]
  8206 | Lair:1   | Gained mutation: Your system is resistant to poisons.
                  | (rPois) [Xom's grace]
  8206 | Lair:1   | Gained mutation: You have a pair of small antennae on your
                  | head. [Xom's grace]
  8206 | Lair:1   | Gained mutation: You are strong-willed. (Will+) [Xom's
                  | grace]
  8310 | Lair:1   | XOM: polymorph rime drake -> naga
  8349 | Lair:1   | XOM: confuse monster(s)
  8355 | Lair:1   | Killed a death yak
  8356 | Lair:1   | Reached skill level 14 in Stealth
  8401 | Lair:1   | Noticed a boulder beetle
  8401 | Lair:1   | XOM: cast spell 'Metabolic Englaciation'
  8416 | Lair:1   | Killed a boulder beetle
  8454 | Lair:1   | XOM: give mutations
  8454 | Lair:1   | Lost mutation: You have a pair of small antennae on your
                  | head. [Xom's mischief]
  8454 | Lair:1   | Lost mutation: You are strong-willed. (Will+) [Xom's
                  | mischief]
  8454 | Lair:1   | Lost mutation: Your system is resistant to poisons. (rPois)
                  | [Xom's mischief]
  8454 | Lair:1   | Gained mutation: You are frail. (-10% HP) [Xom's mischief]
  8687 | Lair:1   | Noticed a lindwurm
  8705 | Lair:1   | Noticed a dire elephant
  8716 | Lair:1   | Found a runed translucent door.
  9021 | Lair:1   | XOM: torment (35/61 hp)
  9114 | Lair:2   | Noticed a five-headed hydra
  9116 | Lair:2   | Killed a five-headed hydra
  9117 | Lair:2   | Reached XP level 12. HP: 67/67 MP: 5/12
  9134 | Lair:2   | XOM: destruction
  9165 | Lair:2   | XOM: noise
  9185 | Lair:2   | XOM: swap monsters
  9271 | Lair:2   | Noticed a death yak
  9272 | Lair:2   | Noticed a death yak
  9277 | Lair:2   | Killed a death yak
  9278 | Lair:2   | Reached skill level 15 in Stealth
  9286 | Lair:2   | Killed a death yak
  9538 | Lair:2   | XOM: cloud trail
  9591 | Lair:2   | Noticed a death yak
  9591 | Lair:2   | a death yak changed into an eleionoma
  9591 | Lair:2   | Noticed an eleionoma
  9591 | Lair:2   | XOM: polymorph death yak -> eleionoma
  9593 | Lair:2   | Noticed a death yak
  9593 | Lair:2   | XOM: confuse monster(s)
  9594 | Lair:2   | XOM: noise
  9594 | Lair:2   | Noticed a death yak
  9599 | Lair:2   | Killed an eleionoma
  9602 | Lair:2   | Killed a death yak
  9605 | Lair:2   | Killed a death yak
  9648 | Lair:2   | XOM: give mutation
  9648 | Lair:2   | Gained mutation: You occasionally shout uncontrollably at
                  | your foes. [Xom's mischief]
  9649 | Lair:2   | Lost mutation: You occasionally shout uncontrollably at
                  | your foes. [potion of mutation]
  9649 | Lair:2   | Lost mutation: You are weak. (Str -2) [potion of mutation]
  9649 | Lair:2   | Lost mutation: You expend magic power (3 MP) to strengthen
                  | your wands. [potion of mutation]
  9649 | Lair:2   | Gained mutation: A frigid envelope surrounds you and
                  | freezes all who hurt you. [potion of mutation]
  9649 | Lair:2   | Gained mutation: Potions are less effective at restoring
                  | your health. [potion of mutation]
  9649 | Lair:2   | Gained mutation: You are strong-willed. (Will+) [potion of
                  | mutation]
  9649 | Lair:2   | Gained mutation: You are partially covered in iridescent
                  | scales. (AC +2) [potion of mutation]
  9976 | Lair:2   | Found a staircase to the Shoals.
 10267 | Lair:3   | XOM: enchant monster (bad)
 10269 | Lair:3   | XOM: destruction
 10279 | Lair:3   | Reached XP level 13. HP: 73/73 MP: 13/13
 10284 | Lair:3   | Reached skill level 10 in Fighting
 10318 | Lair:3   | Found a gate leading to a gauntlet.
 10350 | Gauntlet | Entered a Gauntlet
 10357 | Gauntlet | Found a transporter.
 10379 | Gauntlet | Found a transporter.
 10379 | Gauntlet | Found a transporter.
 10397 | Gauntlet | Found a transporter.
 10397 | Gauntlet | Found a transporter.
 10414 | Gauntlet | XOM: give mutation
 10414 | Gauntlet | Gained mutation: You have sharp toenails. [Xom's grace]
 10416 | Gauntlet | Found a transporter.
 10461 | Gauntlet | Found a transporter.
 10461 | Gauntlet | Found a transporter.
 10468 | Gauntlet | Found a runed translucent gate.
 10476 | Gauntlet | Found a transporter.
 10476 | Gauntlet | Found a transporter.
 10476 | Gauntlet | Found a runed translucent gate.
 10477 | Gauntlet | Found a runed translucent gate.
 10491 | Gauntlet | Found a transporter.
 10538 | Gauntlet | Found a transporter.
 10555 | Gauntlet | XOM: swap monsters
 10557 | Gauntlet | Reached skill level 1 in Armour
 10637 | Gauntlet | XOM: summons 2 friendly demons
 10639 | Gauntlet | Reached skill level 16 in Stealth
 10671 | Gauntlet | XOM: smoke on damage
 10678 | Gauntlet | Slain by a sixfirhy

Illustrated notes

Levels and vault maps discovered:
D:1:      erik_arrival_orb_chamber, layout_loops_corners
D:2:      minmay_spotlight, layout_basic, basic_altar,
          kennysheep_generic_room_16
D:3:      layout_rooms, mainiacjoe_overflow_surrounded_room,
          nemelex_xobeh_ov_fountains_minmay, kennysheep_generic_room_3
D:4:      layout_layer_cave, grunt_temple_overflow_magic_moments,
          makhleb_heckhound_becter, minmay_temple_entry_mini_moons,
          ebering_ghost_sewer_d, uniq_grinder, uniq_duvessa
D:5:      layout_basic, kennysheep_another_room, serial_park_tiny_2, minivault_4
D:6:      layout_basic, evilmike_ruin_ashenzari
D:7:      layout_gridville, nicolae_uskayaw_dance_hall,
          nicolae_ossuary_entry_plus, nicolae_stop_n_shop_2
D:8:      minmay_the_grid_octo_tiled_squarecenter
          [minmay_the_grid_octo_checkerflower,
          minmay_the_grid_octo_thin_diamonds, minmay_the_grid_octo_odd_swirl,
          minmay_the_grid_octo_teeth,
          minmay_the_grid_square_5x5_megaprize_checkered,
          minmay_the_grid_square_5x5_beaten_path,
          minmay_the_grid_square_5x5_inner_v, minmay_the_grid_square_5x5_six,
          minmay_the_grid_square_5x5_detours], layout_layer_cave,
          marbit_many_paths, mainiacjoe_overflow_chevrons, amethyst_killhole
Temple:   hellmonk_temple_two_chambers
Lair:1:   gammafunk_lair_enchanted_lake, layout_loops_ring, guppyfry_lair_drakes
Lair:2:   layout_gridlike, minmay_shoals_entry_hut
Lair:3:   layout_chaotic_city, dummy_spider_entry, gauntlet_entry_generic,
          lemuel_fruit_fields, infiniplex_staircase_pool_2
Gauntlet: minmay_gauntlet_mixed_big_or_small [gammafunk_gauntlet_arena_hedges,
          minmay_gauntlet_arena_77_chump_sandwich,
          gammafunk_gauntlet_arena_crates, minmay_gauntlet_arena_77_run_for_it,
          gammafunk_gauntlet_arena_mazey, minmay_gauntlet_arena_77_fan,
          gauntlet_exit_hidden_loot]

Skill      XL: |  1  2  3  4  5  6  7  8  9 10 11 12 13 |
---------------+----------------------------------------+-----
Stealth        | 1 2 3 4 5 7 8 10 12 14 15 16 | 16.1
Evocations     | 1 2 3 4 6 7 9 10 12 13 | 13.6
Short Blades   | 5 6 8 10 12 13 | 13.6
Fighting       | 6 8 9 10 | 10.2
Armour         | 1 |  1.7
Dodging        | 3 |  3.5

Action                     |  1- 3 |  4- 6 |  7- 9 | 10-12 | 13-15 || total
---------------------------+-------+-------+-------+-------+-------++-------
  Melee: Short sword       |    82 |    72 |   246 |   188 |     7 ||   595
         Punch             |       |     1 |     5 |     4 |       ||    10
         Rapier            |       |       |       |    11 |    22 ||    33
         Kick              |       |       |       |       |     7 ||     7
  Throw: Dart              |       |       |     7 |    36 |       ||    43
  Evoke: Piece from Xom's  |     5 |     7 |    13 |    19 |       ||    44
         Wand              |       |       |     3 |    29 |     3 ||    35
    Use: Scroll            |       |     6 |    10 |    10 |     3 ||    29
         Potion            |       |       |       |     1 |     5 ||     6
   Stab: Sleeping          |    16 |    17 |    25 |    24 |       ||    82
         Petrified         |       |     1 |     1 |     1 |       ||     3
         Paralysed         |       |       |     2 |     6 |       ||     8
         Distracted        |       |       |     2 |     2 |     1 ||     5
         Invisible         |       |       |     1 |     7 |       ||     8
         Confused          |       |       |     1 |     6 |       ||     7
 Armour: Leather armour    |    20 |     6 |       |       |       ||    26
         Ring mail         |       |     6 |    41 |    69 |    12 ||   128
  Dodge: Dodged            |    42 |    26 |    56 |    88 |     8 ||   220
  Block: Other             |     2 |       |       |       |       ||     2

Table legend: (Time is in decaauts)
 A = Elapsed time spent in this place.
 B = Non-inter-level travel time spent in this place.
 C = Inter-level travel time spent in this place.
 D = Time resting spent in this place.
 E = Time spent auto-exploring this place.
 F = Levels seen in this place.
 G = Mean time per level.
                   A        B        C        D        E       F      G
               +--------+--------+--------+--------+--------+-----+--------+
         Total |  10530 |  10199 |    331 |    158 |   6910 |  14 |  752.1 |
       Dungeon |   7477 |   7233 |    244 |     29 |   5216 |   8 |  934.6 |
        Temple |     31 |     25 |      6 |      0 |     21 |   1 |   31.0 |
          Lair |   2471 |   2390 |     81 |     91 |   1669 |   3 |  823.7 |
       Ossuary |    227 |    227 |      0 |      0 |      4 |   1 |  227.0 |
      Gauntlet |    322 |    322 |      0 |     38 |      0 |   1 |  322.0 |
               +--------+--------+--------+--------+--------+-----+--------+

Top non-repeatable levels by time:
     D:4: 1375 daAuts
     D:8: 1318 daAuts
  Lair:1: 1237 daAuts
  Lair:2: 1107 daAuts
     D:5: 1037 daAuts
     D:2: 855 daAuts
     D:1: 829 daAuts
     D:7: 820 daAuts
     D:6: 655 daAuts
     D:3: 585 daAuts
Gauntlet: 322 daAuts
 Ossuary: 227 daAuts
  Lair:3: 125 daAuts
  Temple: 31 daAuts
